 Dungeon Sprint DCSS version 0.19.0-9-gfd783f2 (webtiles) character file.

1206 equalderp2856 the Gouger (level 8, -3/42 HPs)
             Began as a Felid Fighter on Nov 7, 2016.
             Slain by a demonic crawler (6 damage)
             ... in the Dungeon (Sprint I: "Red Sonja").
             The game lasted 00:04:14 (1369 turns).

equalderp2856 the Gouger (Felid Fighter)            Turns: 1369, Time: 00:04:15

Health: -3/42      AC:  2    Str: 14    XL:     8   Next: 21%
Magic:  9/9        EV: 28    Int:  9    God:
Gold:   434        SH:  0    Dex: 16    Spells: 0 memorised, 7 levels left
                                        Lives:  0   Deaths: 2

rFire  . . .     SeeInvis +       - Unarmed
rCold  . . .     Gourm    .     (armour unavailable)
rNeg   . . .     Faith    .     (shield unavailable)
rPois  .         Spirit   .     (helmet unavailable)
rElec  .         Reflect  .     (cloak unavailable)
rCorr  .         Harm     .     (gloves unavailable)
MR     +....     NoTele   +     (boots unavailable)
Stlth  ++++......               (no amulet)
                                (no ring)
                                (no ring)

@: quick
A: no armour, no weapons or thrown items, stealth, claws 1, fangs 3, see
invisible, carnivore 3, speed 1, shaggy fur 2, slow metabolism 1, sharp paws
a: no special abilities


You were in the Dungeon.
You were not hungry.

You visited 1 branch You collected 434 gold pieces.

Inventory:

Scrolls
 h - a scroll of blinking
Potions
 a - a potion of might
 c - a potion of curing
 d - a potion of heal wounds
 e - a potion of haste
 f - 2 potions of magic
 g - a potion of berserk rage
Comestibles
 b - a meat ration
 i - a bread ration


   Skills:
 + Level 9.0 Fighting
 + Level 12.6 Dodging
 + Level 6.6 Stealth
 + Level 14.9 Unarmed Combat


You had 7 spell levels left.
You didn't know any spells.

Dungeon Overview and Level Annotations

Branches:
Dungeon (1/1)

Altars:
Cheibriados
Dithmenos
Elyvilon
Fedhas
Gozag
Hepliaklqana
Kikubaaqudgha
Makhleb
Nemelex Xobeh
Okawaru
Qazlal
Ru
Sif Muna
Trog
Uskayaw
Vehumet
Xom
Yredelemnul
Zin
The Shining One
Jiyva
Lugonu

Shops:
D (


Innate Abilities, Weirdness & Mutations

You cannot wear armour.
You are incapable of wielding weapons or throwing items.
Your paws allow you to move quietly. (Stealth)
You have sharp claws.
You have razor-sharp teeth.
You have supernaturally acute eyesight. (SInv)
You are carnivorous and can eat meat at any time.
You cover ground quickly.
You are covered in thick fur. (AC +2)
You have a slow metabolism.
Your sharp claws are effective at attacking unaware monsters.


Message History

There is an open door here.
There is an open door, spattered with blood here.
Things that are here:
a club; a leather armour
There is an open door here.
You claw the demonic crawler!
The demonic crawler is lightly wounded.
The demonic crawler barely misses you. The demonic crawler misses you.
The demonic crawler closely misses you.
You claw the demonic crawler!
The demonic crawler is moderately wounded.
The demonic crawler misses you.
The demonic crawler completely misses you.
The demonic crawler hits you.
* * * LOW HITPOINT WARNING * * *
You scratch the demonic crawler but do no damage.
The demonic crawler is moderately wounded.
The demonic crawler completely misses you.
The demonic crawler closely misses you. The demonic crawler hits you.
You die...

##################
#<.#..'..#..'..#__
#..').#..').#..'..
#@s#####'#####'#__
#..####..#...#)###
#..#__####..##)#≈§
#..#_____##'#..+§≈
#⌠⌠#_.∩...'..._#≈§
####_..__##_.#'##+
#_____###+#.#
####### ###


You could see a demonic crawler.

Vanquished Creatures
  2 kobold demonologists (D)
  3 demonic crawlers (D)
  A slime creature (D)
  Sigmund (D)
  A yak (D)
  A floating eye (D)
  An ogre (D)
  A jelly (D)
  Ijyb (D)
12 creatures vanquished.

Notes
Turn   | Place    | Note
-------+----------+-------------------------------------------
     0 | D        | equalderp2856 the Felid Fighter began the quest for the Orb.
     0 | D        | Reached XP level 1. HP: 10/10 MP: 2/2
     2 | D        | Noticed Ijyb
    15 | D        | Killed Ijyb
    15 | D        | Reached skill level 5 in Dodging
    15 | D        | Reached skill level 6 in Unarmed Combat
    15 | D        | Reached XP level 2. HP: 9/15 MP: 3/3
   127 | D        | Noticed an ogre
   141 | D        | Killed an ogre
   141 | D        | Reached skill level 5 in Fighting
   141 | D        | Reached skill level 1 in Stealth
   141 | D        | Reached skill level 8 in Unarmed Combat
   141 | D        | Reached XP level 3. HP: 19/19 MP: 4/4
   141 | D        | Reached XP level 4. HP: 23/23 MP: 5/5
   152 | D        | Noticed Sigmund
   159 | D        | Killed Sigmund
   159 | D        | Reached skill level 10 in Unarmed Combat
   159 | D        | Reached XP level 5. HP: 27/27 MP: 6/6
   185 | D        | Found a burning altar of Makhleb.
   185 | D        | Found a viscous altar of Jiyva.
   185 | D        | Found a shimmering altar of Xom.
   185 | D        | Found a corrupted altar of Lugonu.
   185 | D        | Noticed a slime creature
   378 | D        | Killed a slime creature
   378 | D        | Reached skill level 11 in Unarmed Combat
   378 | D        | Gained mutation: You are covered in thick fur. (AC +2) [Felid growth]
   378 | D        | Reached XP level 6. HP: 31/31 MP: 7/7
   397 | D        | Noticed a kobold demonologist
   397 | D        | Noticed a floating eye
   406 | D        | Found a deep blue altar of Sif Muna.
   408 | D        | Found a radiant altar of Vehumet.
   471 | D        | Found Waahy's Weapon Emporium.
   471 | D        | Found an ancient bone altar of Kikubaaqudgha.
   471 | D        | Found a hazy altar of Hepliaklqana.
   471 | D        | Found a stormy altar of Qazlal.
   471 | D        | Found a hide-covered altar of Uskayaw.
   471 | D        | Found a blossoming altar of Fedhas.
   471 | D        | Found a bloodstained altar of Trog.
   471 | D        | Found an iron altar of Okawaru.
   471 | D        | Found a basalt altar of Yredelemnul.
   471 | D        | Found a glowing golden altar of the Shining One.
   471 | D        | Found a snail-covered altar of Cheibriados.
   471 | D        | Found a sacrificial altar of Ru.
   471 | D        | Found a glowing silver altar of Zin.
   471 | D        | Found a shadowy altar of Dithmenos.
   471 | D        | Found a white marble altar of Elyvilon.
   471 | D        | Noticed a yak
   472 | D        | Found an opulent altar of Gozag.
   473 | D        | Killed a yak
   473 | D        | Reached skill level 10 in Dodging
   473 | D        | Reached skill level 12 in Unarmed Combat
   473 | D        | Reached XP level 7. HP: 36/36 MP: 8/8
   474 | D        | Found a sparkling altar of Nemelex Xobeh.
   507 | D        | Noticed a centaur warrior
   507 | D        | Noticed a centaur warrior
   529 | D        | Noticed an orange demon
   529 | D        | Noticed a kobold demonologist
   536 | D        | Paralysed by a floating eye for 4 turns
   541 | D        | Noticed a ynoxinul
   541 | D        | Succumbed to an orange demon's poison
   542 | D        | Reached XP level 6. HP: -1/33 MP: 7/7
   547 | D        | Paralysed by a floating eye for 2 turns
   551 | D        | Killed a floating eye
   561 | D        | Killed a kobold demonologist
   561 | D        | Reached skill level 13 in Unarmed Combat
   561 | D        | Reached XP level 7. HP: 37/37 MP: 8/8
   564 | D        | Noticed a chaos spawn
   567 | D        | Killed a kobold demonologist
   567 | D        | Reached skill level 5 in Stealth
   579 | D        | Noticed a demonic crawler
   579 | D        | Noticed a demonic crawler
   579 | D        | Noticed a demonic crawler
   579 | D        | Noticed a demonic crawler
   898 | D        | Slain by a demonic crawler
   899 | D        | Reached XP level 6. HP: -3/34 MP: 7/7
   903 | D        | Killed a demonic crawler
   903 | D        | Reached skill level 14 in Unarmed Combat
   903 | D        | Reached XP level 7. HP: 37/37 MP: 8/8
   909 | D        | Killed a demonic crawler
  1215 | D        | Killed a demonic crawler
  1215 | D        | Reached XP level 8. HP: 28/42 MP: 9/9
  1369 | D        | Slain by a demonic crawler

Skill      XL: |  1  2  3  4  5  6  7 |
---------------+----------------------+-----
Dodging        | 5 6 8 9 10 12 | 12.6
Unarmed Combat | 6 8 10 11 14 | 14.9
Fighting       | 5 6 8 9 |  9.0
Stealth        | 1 2 4 6 |  6.6

Action                   |  1- 3 |  4- 6 |  7- 9 || total
-------------------------+-------+-------+-------++-------
Melee: Unarmed           |    18 |    30 |    41 ||    89
       Punch             |     1 |     2 |     4 ||     7
       Bite              |       |     5 |     6 ||    11
 Stab: Sleeping          |       |     2 |       ||     2
Armor: Skin              |       |       |     9 ||     9
Dodge: Dodged            |    13 |    23 |    96 ||   132
